 Dungeon Crawl Stone Soup version 0.31-a0-188-g5e087ee2ca (webtiles) character file.

Game seed: 13957099924555045003

476 qw the Skirmisher (level 6, 0/35 HPs)
             Began as a Deep Elf Hunter on June 23, 2023.
             Succumbed to a kobold brigand's curare-tipped dart
             ... on level 4 of the Dungeon.
             The game lasted 00:01:00 (2314 turns).

qw the Skirmisher (Deep Elf Hunter)                 Turns: 2314, Time: 00:01:00

Health: 0/35       AC:  2    Str: 10    XL:     6   Next: 84%
Magic:  8/8        EV: 11    Int: 14    God:
Gold:   211        SH:  5    Dex: 18    Spells: 5/5 levels left

rFire   . . .        Y - +1 shortbow (drain)
rCold   + . .        (shield currently unavailable)
rNeg    . . .        h - +0 ring mail
rPois   .            (no helmet)
rElec   .            (no cloak)
rCorr   .            (no gloves)
SInv    .            (no boots)
Will    +....        g - amulet of reflection
Stlth   +            (no ring)
HPRegen 0.25/turn    (no ring)
MPRegen 0.11/turn

%: reflection
@: lethally poisoned (0 -> -7), slowed, very slow
A: cold resistance 1, deformed body, strong-willed 1
a: no special abilities


You were on level 4 of the Dungeon.
You visited 1 branch of the dungeon, and saw 4 of its levels.

You collected 211 gold pieces.


Innate Abilities, Weirdness & Mutations

Your flesh is cold resistant. (rC+)
Armour fits poorly on your strangely shaped body.
You are strong-willed. (Will+)


   Skills:
 - Level 2.1 Fighting
 + Level 10.4 Ranged Weapons
 - Level 3.1 Dodging
 - Level 1.2 Stealth


You had 5 spell levels left.
You didn't know any spells.
Your spell library was empty.

Inventory:

Hand Weapons
 Y - a +1 shortbow of draining (weapon)
Armour
 h - a +0 ring mail (worn)
Jewellery
 g - an amulet of reflection (around neck)
Scrolls
 d - a scroll of teleportation {unknown}
 f - a scroll of identify
 i - a scroll of enchant armour {unknown}
Potions
 a - a potion of curing
 b - 2 potions of resistance
 c - a potion of heal wounds {unknown}
 e - a potion of degeneration {unknown}

Dungeon Overview and Level Annotations

Branches:
Dungeon (4/15)
 Temple: D:4-7

Altars:
Xom


Message History

i - a scroll labelled KENESO TEENOQY
Enter note:
Enter note: A kobold brigand comes into view.
It is wielding a +0 short sword and quivering curare-tipped darts.
The kobold brigand shouts!
Enter note:
Enter note:
Enter note:
Enter note: You shoot an arrow.
The arrow closely misses the kobold brigand.
You shoot an arrow. The arrow hits the kobold brigand.
The kobold brigand is lightly wounded.
The kobold brigand throws a curare-tipped dart.
The curare-tipped dart hits you.
You are poisoned.
You have difficulty breathing.
You feel yourself slow down.
You shoot an arrow. The arrow hits the kobold brigand!
You drain the kobold brigand.
The kobold brigand is moderately wounded.
You feel very sick.
You shoot an arrow. The arrow hits the kobold brigand.
You drain the kobold brigand.
The kobold brigand is heavily wounded.
You feel very sick.
The kobold brigand throws a curare-tipped dart.
The curare-tipped dart hits you.
You are more poisoned.
You have difficulty breathing.
You feel as though you will be slow longer.
You shoot an arrow. The arrow hits the kobold brigand.
The kobold brigand is severely wounded.
You feel very sick.
The kobold brigand hits you with a +0 short sword.
You shoot an arrow.
The arrow barely misses the kobold brigand.
You feel very sick.
The kobold brigand hits you with a +0 short sword.
You shoot an arrow. The arrow misses the kobold brigand.
You die...

#...# ##.# #...#
#.######## #####
#........## #.....##..#
#.......#.####
##.....#.......
#.#######......##......
#..............###.....
######@#.......# #.....
......K.###..####
#..... .....#### ##.###
#..... .... ..##
#...####..... ...
#...####.......... ..
#..##^......###. .
#...........##.
###.......#....
.#######......(.....


You could see a kobold brigand (very drained).

Vanquished Creatures
  Sigmund (D:3)
  A howler monkey (D:4)
  A hound (D:4)
  An orc priest (D:4)
  Natasha (twice) (D:3)
  2 iguanas (D:4)
  4 adders
  A worm (D:2)
  5 dart slugs
  7 orcs
  5 ball pythons
  A bat (D:2)
  8 endoplasms
  A giant cockroach (D:4)
  11 hobgoblins
  4 kobolds
  A quokka (D:3)
  4 frilled lizards
  4 goblins
  12 rats
76 creatures vanquished.

Notes
Turn   | Place    | Note
-------+----------+-------------------------------------------
     0 | D:1      | qw the Deep Elf Hunter began the quest for the Orb.
     0 | D:1      | Reached XP level 1. HP: 12/12 MP: 3/3
     0 | D:1      | 0 ||| qw: Version: 0.3-a-9-g12657ce
     0 | D:1      | 0 ||| qw: Game counter: 3745
     0 | D:1      | 0 ||| qw: Always use a shield: true
     0 | D:1      | 0 ||| qw: God list: Okawaru
     0 | D:1      | 0 ||| qw: Allow faded altars: false
     0 | D:1      | 0 ||| qw: Do Orc after D:15 true
     0 | D:1      | 0 ||| qw: Do second Lair branch before Depths: true
     0 | D:1      | 0 ||| qw: Lair rune preference: random
     0 | D:1      | 0 ||| qw: Plans: Normal
     0 | D:1      | 0 ||| PLANNING D:1-11
    42 | D:1      | Reached skill level 6 in Ranged Weapons
    42 | D:1      | Reached XP level 2. HP: 16/16 MP: 4/4
   117 | D:1      | Found a faded altar of an unknown god.
   499 | D:1      | 499 ||| UPGRADING to +0 ring mail.
   509 | D:1      | 509 ||| DROPPING +0 leather armour.
   510 | D:1      | 510 ||| READING scroll labelled MAACVO JEAZO.
   511 | D:1      | 511 ||| READING scroll labelled CAHAUNL ADOGU.
   512 | D:1      | 512 ||| DRINKING 2 silvery potions.
   513 | D:1      | 513 ||| DRINKING 2 orange potions.
   514 | D:1      | 514 ||| DROPPING scroll of butterflies.
   515 | D:1      | 515 ||| DROPPING potion of brilliance.
   516 | D:1      | 516 ||| DROPPING potion of attraction.
   654 | D:2      | Reached XP level 3. HP: 20/20 MP: 5/5
   733 | D:2      | Reached skill level 7 in Ranged Weapons
   957 | D:2      | Found a shimmering altar of Xom.
  1223 | D:2      | 1223 ||| UPGRADING to amulet of reflection.
  1228 | D:2      | 1228 ||| DROPPING ring of flight.
  1229 | D:2      | 1229 ||| READING scroll labelled FUSULL SIBELY.
  1230 | D:2      | 1230 ||| READING scroll labelled QASUSO SO BYLA.
  1231 | D:2      | 1231 ||| DRINKING 2 fizzy black potions.
  1311 | D:3      | 1311 ||| FLEEEEING.
  1335 | D:3      | Noticed Sigmund
  1345 | D:3      | HP: 3/20 [Sigmund/+1 scythe of flaming (7)]
  1345 | D:3      | HP: 1/20 [Sigmund/+1 scythe of flaming (2)]
  1346 | D:3      | Killed Sigmund
  1347 | D:3      | Reached skill level 9 in Ranged Weapons
  1347 | D:3      | Reached XP level 4. HP: 2/25 MP: 6/6
  1347 | D:3      | Reached XP level 5. HP: 2/29 MP: 7/7
  1533 | D:3      | Noticed Natasha
  1537 | D:3      | Killed Natasha
  1740 | D:3      | Noticed Natasha
  1743 | D:3      | Killed Natasha
  1744 | D:3      | Reached XP level 6. HP: 27/35 MP: 8/8
  1744 | D:3      | 1744 ||| FLEEEEING.
  1745 | D:3      | 1745 ||| FLEEEEING.
  2059 | D:3      | 2059 ||| READING scroll labelled XUIPEL MIULYO.
  2060 | D:3      | 2060 ||| DRINKING 2 fuming inky potions.
  2060 | D:3      | Gained mutation: You are robust. (+10% HP) [potion of
                  | mutation]
  2060 | D:3      | Gained mutation: Your magical capacity is low. (-10% MP)
                  | [potion of mutation]
  2060 | D:3      | Gained mutation: You sometimes lose your temper in combat.
                  | [potion of mutation]
  2068 | D:3      | 2068 ||| DRINKING potion of mutation.
  2068 | D:3      | Lost mutation: You sometimes lose your temper in combat.
                  | [potion of mutation]
  2068 | D:3      | Lost mutation: Your magical capacity is low. (-10% MP)
                  | [potion of mutation]
  2068 | D:3      | Lost mutation: You are robust. (+10% HP) [potion of
                  | mutation]
  2068 | D:3      | Gained mutation: Armour fits poorly on your strangely
                  | shaped body. [potion of mutation]
  2068 | D:3      | Gained mutation: Your flesh is cold resistant. (rC+)
                  | [potion of mutation]
  2068 | D:3      | Gained mutation: You are strong-willed. (Will+) [potion of
                  | mutation]
  2151 | D:4      | Reached skill level 10 in Ranged Weapons
  2170 | D:4      | Reached skill level 3 in Dodging
  2312 | D:4      | HP: 8/35 [kobold brigand/+0 short sword (3)]
  2313 | D:4      | HP: 2/35 [kobold brigand/+0 short sword (3)]
  2314 | D:4      | Succumbed to a kobold brigand's curare-tipped dart

Levels and vault maps discovered:
D:1:      dpeg_arrival_arbitrary_a, layout_rooms,
          shapermc_ecumenical_altar_mp_highgroup, minmay_octomino_c4
D:2:      layout_basic, basic_altar, grunt_decor_mini_mirrors,
          nicolae_concentric_dashed_squares_wild, minmay_box_of_dots
D:3:      layout_basic, uniq_sigmund, uniq_natasha
D:4:      layout_rooms, kennysheep_generic_room_9, uniq_grinder

Skill      XL: |  1  2  3  4  5  6 |
---------------+-------------------+-----
Ranged Weapons | 6 9 10 | 10.4
Fighting       | 2 |  2.1
Dodging        | 3 |  3.1
Stealth        | |  1.2

Action                     |  1- 3 |  4- 6 || total
---------------------------+-------+-------++-------
   Fire: Shortbow          |   100 |   116 ||   216
    Use: Scroll            |     4 |     1 ||     5
         Potion            |     3 |     2 ||     5
 Armour: Ring mail         |     7 |     8 ||    15
  Dodge: Dodged            |    17 |    24 ||    41
  Block: Other             |     1 |    12 ||    13

Table legend:
 A = Non-vault XP
 B = Vault XP
 C = Vault XP percentage of total XP
 D = Non-vault monster count
 E = Vault monster count
 F = Vault count percentage of total count
                 A         B        C        D         E       F
            +---------+---------+-------+---------+---------+-------
      Total |     402 |     278 |  40.9 |      64 |      12 |  15.8
            +---------+---------+-------+---------+---------+-------
        D:1 |      20 |      11 |  35.5 |      11 |       6 |  35.3
        D:2 |      40 |       8 |  16.7 |      16 |       4 |  20.0
        D:3 |      97 |     259 |  72.8 |      26 |       2 |   7.1
        D:4 |     245 |       0 |   0.0 |      11 |       0 |   0.0
            +---------+---------+-------+---------+---------+-------
